 Dungeon Crawl Stone Soup version 0.29-a0-617-g7a6b98fccd (webtiles) character file.

Game seed: 5014163663355174866

221 dolemite99 the Chopper (level 5, -5/45 HPs)
             Began as a Hill Orc Fighter on June 18, 2022.
             Slain by a black bear (6 damage)
             ... on level 4 of the Dungeon.
             The game lasted 00:02:37 (2850 turns).

dolemite99 the Chopper (Hill Orc Fighter)           Turns: 2850, Time: 00:02:38

Health: -5/45      AC:  6    Str: 21    XL:     5   Next: 98%
Magic:  5/5        EV:  9    Int:  8    God:
Gold:   104        SH:  4    Dex: 10    Spells: 4/4 levels left

rFire   . . .      SeeInvis .   a - +2 war axe
rCold   . . .      Faith    .   c - +0 buckler
rNeg    . . .      Spirit   .   b - +0 scale mail
rPois   .          Reflect  .   (no helmet)
rElec   .          Harm     .   (no cloak)
rCorr   .          Rampage  .   (no gloves)
Will    .....                   (no boots)
Stlth   ..........              (no amulet)
HPRegen 0.15/turn               (no ring)
MPRegen 0.09/turn               (no ring)

@: no status effects
A: no striking features
a: no special abilities


You were on level 4 of the Dungeon.
You visited 1 branch of the dungeon, and saw 3 of its levels.
You also visited: Sewer.

You collected 104 gold pieces.

Inventory:

Hand Weapons
 a - a +2 war axe (weapon)
 g - a +0 vorpal spear
 j - a +3 hand axe
Armour
 b - a +0 scale mail (worn)
 c - a +0 buckler (worn)
Scrolls
 e - a scroll of enchant armour {unknown}
 f - a scroll of immolation
 h - 2 scrolls of teleportation
Potions
 d - 2 potions of might
 i - 5 potions of heal wounds
 k - a potion of curing {unknown}
 l - 2 potions of haste {unknown}
 m - a potion of lignification {unknown}
 n - a potion of mutation {unknown}
 o - 2 potions of invisibility {unknown}


   Skills:
 - Level 3.6 Fighting
 + Level 7.9 Axes
 - Level 3.2 Armour
 - Level 3.2 Shields


You had 4 spell levels left.
You didn't know any spells.
Your spell library contained the following spells:

 Spells                   Type           Power      Damage    Failure   Level
 Corpse Rot               Necr/Pois/Air  0%         N/A       100%        4
 Dispel Undead            Necr           0%         3d6       100%        4
 Death Channel            Necr           0%         N/A       100%        6


Dungeon Overview and Level Annotations

Branches:
Dungeon (4/15)             Temple (0/1) D:4           Sewer (visited)

Altars:

Shops:
D:2 *


Message History

The black bear is moderately wounded.
The black bear closely misses you. You block the black bear's attack.
The black bear claws you but does no damage.
You slash the black bear!
The black bear is severely wounded.
The black bear bites you but does no damage.
You block the black bear's attack. The black bear barely misses you.
You hit the black bear.
The black bear is severely wounded.
The black bear bites you but does no damage.
You block the black bear's attack. x2
You hit the black bear but do no damage.
The black bear is severely wounded.
The black bear goes berserk!
You barely miss the black bear.
The black bear is severely wounded.
The black bear bites you! The black bear barely misses you.
The black bear claws you.
The black bear bites you but does no damage.
You block the black bear's attack. The black bear claws you.
You hit the black bear.
The black bear is almost dead.
The black bear bites you.
The black bear claws you but does no damage.
You block the black bear's attack. The black bear bites you.
The black bear claws you.
The black bear claws you but does no damage.
You barely miss the black bear.
The black bear is almost dead.
The black bear bites you! The black bear claws you.
* * * LOW HITPOINT WARNING * * *
The black bear claws you but does no damage.
You hit the black bear.
The black bear is almost dead.
The black bear closely misses you. The black bear claws you.
* * * LOW HITPOINT WARNING * * *
You block the black bear's attack. The black bear bites you.
* * * LOW HITPOINT WARNING * * *
The black bear claws you.
You die...

≈≈≈≈≈##.....######'###+##
≈≈≈≈≈##≈#...............#
...≈.≈≈.#...............#
.....≈≈.#.....[.........#
.....≈..................#
..†..≈≈.................#
.....≈≈.##########'######
≈≈≈≈≈##.# #.........#
≈≈≈≈≈##.# #....h@...#
...... .# #######..##
##..### #### ....


You could see a black bear (berserk).

Vanquished Creatures
  2 kobold brigands (Sewer)
  2 adders (Sewer)
  5 worms
  6 endoplasms
  A giant cockroach (D:1)
  2 goblins (D:1)
  3 hobgoblins (D:1)
  2 quokkas
  7 ball pythons
  A bat (D:1)
  2 frilled lizards (D:2)
  10 kobolds
  7 rats
50 creatures vanquished.

Notes
Turn   | Place    | Note
-------+----------+-------------------------------------------
     0 | D:1      | dolemite99 the Hill Orc Fighter began the quest for the
                  | Orb.
     0 | D:1      | Reached XP level 1. HP: 19/19 MP: 1/1
   240 | D:1      | Reached skill level 3 in Axes
   263 | D:1      | Reached XP level 2. HP: 26/26 MP: 2/2
   297 | D:1      | Reached skill level 4 in Axes
   783 | D:2      | Found Kom Ugij's Assorted Antiques.
   982 | D:2      | You fall into a shaft and drop 2 floors!
  1075 | D:4      | Found a staircase to the Ecumenical Temple.
  1108 | D:4      | Found a glowing drain.
  1119 | Sewer    | Entered a sewer
  1284 | Sewer    | Noticed a kobold brigand
  1314 | Sewer    | Killed a kobold brigand
  1315 | Sewer    | Reached skill level 6 in Axes
  1315 | Sewer    | Reached XP level 3. HP: 8/31 MP: 3/3
  1315 | Sewer    | Reached XP level 4. HP: 10/39 MP: 4/4
  1812 | Sewer    | Noticed a kobold brigand
  1836 | Sewer    | Killed a kobold brigand
  1837 | Sewer    | Reached skill level 7 in Axes
  1837 | Sewer    | Reached XP level 5. HP: 8/45 MP: 5/5
  2839 | D:4      | Noticed a black bear
  2850 | D:4      | HP: 1/45 [black bear (2)]
  2850 | D:4      | Slain by a black bear

Illustrated notes

Levels and vault maps discovered:
D:1:      wander_arrival_desolate, layout_loops_ring
D:2:      layout_basic, serial_shops, shop
D:4:      layout_gridville, lemuel_doored_altar, minmay_temple_entry_poolview,
          cheibrodos_sewer_entry_sluice, uniq_sigmund

Skill      XL: |  1  2  3  4 |
---------------+-------------+-----
Axes           | 3 6 7 |  7.9
Fighting       | |  3.6
Armour         | |  3.2
Shields        | |  3.2

Action                   |  1- 3 |  4- 6 || total
-------------------------+-------+-------++-------
Melee: Hand axe          |    57 |   102 ||   159
       War axe           |     2 |    12 ||    14
  Use: Scroll            |     4 |     1 ||     5
Armor: Scale mail        |    19 |    34 ||    53
Dodge: Dodged            |    24 |    31 ||    55
Block: Buckler           |    10 |    21 ||    31

Table legend: (Time is in decaauts)
 A = Elapsed time spent in this place.
 B = Non-inter-level travel time spent in this place.
 C = Inter-level travel time spent in this place.
 D = Time resting spent in this place.
 E = Time spent auto-exploring this place.
 F = Levels seen in this place.
 G = Mean time per level.
                   A        B        C        D        E       F      G
               +--------+--------+--------+--------+--------+-----+--------+
         Total |   3012 |   3008 |      4 |    822 |   1605 |   4 |  753.0 |
       Dungeon |   1173 |   1169 |      4 |      0 |    946 |   3 |  391.0 |
         Sewer |   1838 |   1838 |      0 |    822 |    659 |   1 | 1838.0 |
               +--------+--------+--------+--------+--------+-----+--------+

Top non-repeatable levels by time:
   Sewer: 1838 daAuts
     D:1: 722 daAuts
     D:2: 262 daAuts
     D:4: 187 daAuts
